 Dungeon Sprint DCSS version 0.17-a0-1946-gfb768fe (webtiles) character file.

1002 esc the Martial Artist (level 8, -8/61 HPs)
             Began as an Octopode Transmuter on Oct 1, 2015.
             Was an Elder of Vehumet.
             Killed from afar by a hell hound (29 damage)
             ... with a blast of flame
             ... in the Dungeon (Sprint V: "Ziggurat Sprint").
             The game lasted 00:03:30 (514 turns).

esc the Martial Artist (Octopode Transmuter)         Turns: 514, Time: 00:03:30

Health: -8/61      AC:  1    Str: 21    XL:     8   Next: 20%
Magic:  12/19      EV: 21    Int: 29    God:    Vehumet [****..]
Gold:   0          SH:  0    Dex: 25    Spells: 2 memorised, 16 levels left

rFire  . . .     SeeInvis .       - Unarmed
rCold  . . .     Clarity  .     (shield currently unavailable)
rNeg   . . .     SustAt   .     (helmet restricted)
rPois  .         Gourm    .     (no amulet)
rElec  .         Spirit   .     E - +6 ring of dexterity
rCorr  .         Warding  .     F - +6 ring of dexterity
rMut   .         NoTele   +     G - +6 ring of intelligence
MR     .....                    H - +6 ring of intelligence
Stlth  +++.......               I - +6 ring of strength
                                J - +6 ring of strength
                                (no ring)
                                (no ring)

@: blade tentacles, not resistant to hostile enchantments, fairly stealthy
A: almost no armour, amphibious, 8 rings, constrict 8, camouflage 1, gelatinous
body 1
a: End Transformation, Renounce Religion


You were in the Dungeon.
You worshipped Vehumet.
Vehumet was greatly pleased with you.
You were not hungry.
You had blades for tentacles.
You visited 1 branch

Inventory:

Hand weapons
 O - a +4 blowgun
   (You found it in the Dungeon)
Missiles
 a - 1012 arrows
Armour
 L - the +18 shield of the gong {rElec rN+ MR+ EV-5}
   (You found it in the Dungeon)

   It affects your evasion (-5).
   It insulates you from electricity.
   It protects you from negative energy.
   It affects your resistance to hostile enchantments.
Magical staves
 m - an uncursed staff of energy {@w1+MP, hungerless spells, !d!a}
   (You found it in the Dungeon)
 C - an uncursed staff of energy {@w1+MP, hungerless spells, !d!a}
   (You found it in the Dungeon)
 P - an uncursed staff of earth
   (You found it in the Dungeon)
Jewellery
 E - a +6 ring of dexterity (left scythe-like blade)
   (You found it in the Dungeon)
 F - a +6 ring of dexterity (right scythe-like blade)
   (You found it in the Dungeon)
 G - a +6 ring of intelligence (on tentacle)
   (You found it in the Dungeon)
 H - a +6 ring of intelligence (on tentacle)
   (You found it in the Dungeon)
 I - a +6 ring of strength (on tentacle)
   (You found it in the Dungeon)
 J - a +6 ring of strength (on tentacle)
   (You found it in the Dungeon)
Magical devices
 y - a wand of disintegration (6)
   (You found it in the Dungeon)
 z - a wand of fire (4)
   (You found it in the Dungeon)
 A - a wand of cold (1)
   (You found it in the Dungeon)
 B - a wand of draining (4)
   (You found it in the Dungeon)
Scrolls
 i - 4 scrolls of blinking {!r}
 p - 4 scrolls of amnesia
 q - 3 scrolls of recharging
 r - 7 scrolls of fog
 s - a scroll of holy word {!r}
 t - 5 scrolls of identify
 u - 5 scrolls of remove curse
 v - 2 scrolls of fear
Potions
 d - 10 potions of curing
 e - 10 potions of heal wounds
 f - 6 potions of haste
 g - 7 potions of magic
 h - 3 potions of berserk rage {!q}
 j - 2 potions of brilliance
 k - 2 potions of invisibility
 l - 4 potions of resistance
 n - 5 potions of agility
 o - 5 potions of might
Books
 b - a book of Changes
 N - a book of Flames
   (You found it in the Dungeon)
Miscellaneous
 D - a crystal ball of energy
   (You found it in the Dungeon)
 K - a disc of storms
   (You found it in the Dungeon)
Comestibles
 c - 5 bread rations {@e1}
 w - 42 fruits
 x - 4 meat rations {@e2}


   Skills:
 + Level 8.0 Fighting
 + Level 8.2 Dodging
 + Level 8.5 Unarmed Combat
 + Level 7.5 Spellcasting
 + Level 8.2 Transmutations


You had 16 spell levels left.
You knew the following spells:

 Your Spells              Type           Power        Failure   Level  Hunger
a - Beastly Appendage     Trmt           ######       10%         1    None
x - Blade Hands           Trmt           ######....   36%         5    ####...


Dungeon Overview and Level Annotations

Branches:
Dungeon (1/1)

Altars:
Ashenzari
Cheibriados
Dithmenos
Elyvilon
Fedhas
Gozag
Kikubaaqudgha
Makhleb
Nemelex Xobeh
Okawaru
Qazlal
Ru
Sif Muna
Trog
Vehumet
Xom
Yredelemnul
Zin
The Shining One
Beogh
Jiyva
Lugonu


Innate Abilities, Weirdness & Mutations

You cannot wear most types of armour.
You are amphibious.
You can wear up to eight rings at the same time.
You can use your tentacles to constrict eight enemies at once.
Your skin changes colour to match your surroundings (Stealth).
Your rubbery body absorbs attacks (AC +1).


Message History

You hit the orc priest. You grab the orc priest.
You constrict the orc priest, but do no damage.
The orc wizard closely misses you. The orc priest closely misses you.
You slash the orc priest!
You kill the orc priest!
Vehumet accepts your kill.
The orc priest invokes the aid of Beogh against you.
Something smites you!
* * * LOW HITPOINT WARNING * * *
The orc wizard hits you but does no damage.
You take 11 damage, and have 11/47 hp.
MASSIVE DAMAGE!!
You slice the orc priest!!
You kill the orc priest!
Vehumet accepts your kill.
You feel your power returning. The orc wizard misses you.
You hit the orc wizard. You grab the orc wizard.
You constrict the orc wizard, but do no damage.
The orc wizard barely misses you.
You barely miss the orc wizard. You squeeze the orc wizard.
You constrict the orc wizard. The orc wizard misses you.
You completely miss the orc wizard. You squeeze the orc wizard!
You constrict the orc wizard.
You kill the orc wizard!
Vehumet accepts your kill.
You have reached level 7!
Things that are here:
a club; a ring mail; an orc corpse You butcher the orc corpse.
M - 5 chunks of flesh {@w0} (gained 2)
Things that are here:
a club; a ring mail; an orc skeleton
Things that are here:
a dagger; a robe There isn't anything to butcher here.
Items here: )) †† a flail of holy wrath; a hand axe; an orc corpse; an orc corpse You butcher the orc corpse.
M - 8 chunks of flesh {@w0} (gained 3)
Items here: )) ÷ † a flail of holy wrath; a hand axe; an orc skeleton; an orc corpse You butcher the orc corpse.
M - 11 chunks of flesh {@w0} (gained 3)
Items here: )) ÷÷ a flail of holy wrath; a hand axe; an orc skeleton; an orc skeleton You see here the +1 dagger "Zolix" {venom, Int+3}.
P - an uncursed staff of earth Your transformation is almost over.
You see here a +2 quarterstaff of protection.
Okay, then.
Okay, then.
You start resting.
Your tentacles revert to their normal proportions.
You start resting.
Some of the chunks of flesh in your inventory have rotted away.
Health restored: 53; MP restored: 16 Drink which item? (? for menu, Esc to quit)
Okay, then.
Your surroundings seem different!
Welcome to arena 5. 3 hell hounds and 2 hell hogs come into view.
The hell hound barks! x2
The hell hound bites you.
You take 1 damage, and have 52/53 hp.
Your tentacles turn into razor-sharp scythe blades.
The hell hound barks!
The hell hound barely misses you.
You now have 11/16 mp.
You hit the hell hog. Your grab misses the hell hog. The hell hound bites you.
The hell hog bites you! The hell hound barely misses you.
You take 9 damage, and have 43/53 hp.
Unknown command.
You slice the hell hog!! Your grab misses the hell hog.
Your squeeze misses the hell hog. The hell hound bites you!
The hell hog closely misses you. The hell hound breathes flames at you.
The blast of flame misses you. The hell hound closely misses you.
You take 7 damage, and have 36/53 hp.
Unknown command.
You slice the hell hog!! You grab the hell hog. You squeeze the hell hog.
You kill the hell hog!
Vehumet accepts your kill. Vehumet offers you knowledge of Shock.
Vehumet is extending the range of your destructive magics.
You feel your power returning.
Your Fighting skill gained 2 levels and is now at level 8!
Your Dodging skill gained 2 levels and is now at level 8!
Your Unarmed Combat skill increases to level 8!
Your Spellcasting skill increases to level 7!
Your Transmutations skill gained 2 levels and is now at level 8!
You have reached level 8!
The hell hound bites you. The hell hound breathes flames at you.
The blast of flame hits you!
All of the chunks of flesh in your inventory have rotted away.
You take 9 damage, and have 27/61 hp.
You hit the hell hog. You grab the hell hog. You squeeze the hell hog.
You constrict the hell hog, but do no damage.
The hell hound bites you. The hell hound breathes flames at you.
The blast of flame hits you!
You die...

▓.....▓.....▓▓▓▓▓▓▓
▓▓▓▓▓▓▓▓▓▓▓▓▓▓▓▓▓▓▓
▓..8©8...▓..8©8...▓
▓...)[...▓.."})...▓
▓...)....▓..|.:...▓
▓..))....▓........▓
▓..).....▓..h.....▓
▓.▓....▓.▓.▓h.h.▓.▓
▓........▓...@h...▓
▓▓▓▓▓▓▓▓▓▓▓▓▓▓▓▓▓▓▓


You could see a hell hog and 3 hell hounds.

Vanquished Creatures
  A hell hog (D)
  A hell hound (D)
  A porcupine (D)
  A crimson imp (D)
  3 orc priests (D)
  An iguana (D)
  An orc wizard (D)
  A sheep (D)
  A river rat (D)
  An ufetubus (D)
  A bat zombie (D)
  A giant gecko skeleton (D)
14 creatures vanquished.

Notes
Turn   | Place    | Note
--------------------------------------------------------------
     0 | D        | esc the Octopode Transmuter began the quest for the Orb.
     0 | D        | Reached XP level 1. HP: 13/13 MP: 3/3
     0 | D        | Found a roughly hewn altar of Beogh.
     0 | D        | Found a corrupted altar of Lugonu.
     0 | D        | Found a viscous altar of Jiyva.
     0 | D        | Found a white marble altar of Elyvilon.
     0 | D        | Found a sparkling altar of Nemelex Xobeh.
     0 | D        | Found a burning altar of Makhleb.
     0 | D        | Found an iron altar of Okawaru.
     0 | D        | Found a deep blue altar of Sif Muna.
     0 | D        | Found a radiant altar of Vehumet.
     0 | D        | Found a bloodstained altar of Trog.
     0 | D        | Found a shimmering altar of Xom.
    46 | D        | Became a worshipper of Vehumet
    50 | D        | Reached skill level 3 in Fighting
    50 | D        | Reached skill level 3 in Dodging
    50 | D        | Reached skill level 4 in Unarmed Combat
    50 | D        | Reached skill level 3 in Spellcasting
    50 | D        | Reached skill level 3 in Transmutations
    50 | D        | Reached XP level 2. HP: 17/21 MP: 3/6
   108 | D        | Entered arena 1.
   108 | D        | Noticed a crimson imp
   109 | D        | Killed a crimson imp
   109 | D        | Reached skill level 4 in Dodging
   109 | D        | Reached skill level 4 in Spellcasting
   109 | D        | Reached skill level 4 in Transmutations
   109 | D        | Reached XP level 3. HP: 25/27 MP: 6/8
   110 | D        | Reached skill level 5 in Unarmed Combat
   131 | D        | Entered arena 2.
   131 | D        | Noticed a hell hound
   133 | D        | Killed a hell hound
   133 | D        | Acquired Vehumet's first power
   133 | D        | Offered knowledge of Magic Dart by Vehumet.
   133 | D        | Reached skill level 5 in Fighting
   133 | D        | Reached skill level 5 in Dodging
   133 | D        | Reached skill level 5 in Spellcasting
   133 | D        | Reached skill level 5 in Transmutations
   133 | D        | Reached XP level 4. HP: 32/35 MP: 9/11
   133 | D        | Reached XP level 5. HP: 35/39 MP: 9/12
   164 | D        | Entered arena 3.
   164 | D        | Noticed an iguana
   164 | D        | Noticed a porcupine
   166 | D        | Reached skill level 6 in Unarmed Combat
   169 | D        | Killed a porcupine
   169 | D        | Reached skill level 6 in Dodging
   169 | D        | Reached skill level 6 in Transmutations
   169 | D        | Reached XP level 6. HP: 32/46 MP: 11/14
   170 | D        | Killed an iguana
   170 | D        | Reached skill level 6 in Fighting
   170 | D        | Reached skill level 6 in Spellcasting
   190 | D        | Learned a level 5 spell: Blade Hands
   264 | D        | Entered arena 4.
   264 | D        | Noticed an orc wizard
   264 | D        | Noticed an orc priest
   264 | D        | Noticed an orc priest
   264 | D        | Noticed an orc priest
   268 | D        | Killed an orc priest
   268 | D        | Acquired Vehumet's second power
   268 | D        | Reached skill level 7 in Unarmed Combat
   270 | D        | Killed an orc priest
   270 | D        | HP: 11/47 [orc priest/divine providence (11)]
   271 | D        | Killed an orc priest
   274 | D        | Killed an orc wizard
   274 | D        | Reached XP level 7. HP: 13/53 MP: 12/16
   509 | D        | Entered arena 5.
   509 | D        | Noticed a hell hog
   509 | D        | Noticed a hell hound
   509 | D        | Noticed a hell hound
   509 | D        | Noticed a hell hog
   509 | D        | Noticed a hell hound
   513 | D        | Killed a hell hog
   513 | D        | Offered knowledge of Shock by Vehumet.
   513 | D        | Acquired Vehumet's third power
   513 | D        | Reached skill level 8 in Fighting
   513 | D        | Reached skill level 8 in Dodging
   513 | D        | Reached skill level 8 in Unarmed Combat
   513 | D        | Reached skill level 7 in Spellcasting
   513 | D        | Reached skill level 8 in Transmutations
   513 | D        | Reached XP level 8. HP: 39/61 MP: 12/19
   514 | D        | Killed from afar by a hell hound

Vault maps used:
D:        sprint_v

Action                   |  1- 3 |  4- 6 |  7- 9 || total
-------------------------+-------+-------+-------++-------
Melee: Unarmed           |       |    11 |     4 ||    15
 Cast: Beastly Appendage |       |     2 |       ||     2
       Blade Hands       |       |     1 |     1 ||     2
Evoke: Wand              |     3 |     4 |       ||     7
  Use: Potion            |     1 |       |       ||     1

Vault maps used:
D:        sprint_v

Table legend:
 A = Turns spent in this place as a percentage of turns spent in the entire game.
 B = Non-inter-level travel turns spent in this place as a percentage of non-inter-level travel turns spent in the entire game.
 C = Inter-level travel turns spent in this place as a percentage of turns spent in this place.
 D = Turns resting spent in this place as a percentage of non-inter-level travel turns spent in this place.
 E = Turns spent auto-exploring this place as a percentage of non-inter-level travel turns spent in this place.
 F = Non-inter-level travel turns spent in this place divided by the number of levels of this place that you've seen.
                   A       B       C       D       E      F
               +-------+-------+-------+-------+-------+----------------------
         Total | 100.0 | 100.0 |   0.0 |  12.5 |   0.0 | 128.0
       Dungeon | 100.0 | 100.0 |   0.0 |  12.5 |   0.0 | 128.0
               +-------+-------+-------+-------+-------+----------------------

Table legend:
 A = Kills in this place as a percentage of kills in entire the game.
 B = Kills by you in this place as a percentage of kills by you in the entire game.
 C = Kills by friends in this place as a percentage of kills by friends in the entire game.
 D = Other kills in this place as a percentage of other kills in the entire game.
 E = Experience gained in this place as a percentage of experience gained in the entire game.
 F = Experience gained in this place divided by the number of levels of this place that you have seen.
                   A       B       C       D       E      F
               +-------+-------+-------+-------+-------+----------------------
         Total | 100.0 | 100.0 |  -nan |  -nan | 100.0 | 1422.0
       Dungeon | 100.0 | 100.0 |  -nan |  -nan | 100.0 | 1422.0
               +-------+-------+-------+-------+-------+----------------------
